 Dungeon Crawl Stone Soup version 0.30.1-9-gdf580d7c3d (webtiles) character file.

Game seed: 114808227089219052

5035 Norrock the Zephyrmancer (level 10, -6/50 HPs)
             Began as a Tengu Air Elementalist on Sept 28, 2023.
             Was an Initiate of Nemelex Xobeh.
             Killed by vampiric draining
             ... invoked by a vampire
              (13 damage)
             ... on level 7 of the Dungeon.
             The game lasted 01:29:57 (8426 turns).

Norrock the Zephyrmancer (Tengu Air Elementalist)   Turns: 8426, Time: 01:29:58

Health: -6/50      AC:  7    Str:  8    XL:     10   Next: 55%
Magic:  13/18      EV: 14    Int: 18    God:    Nemelex Xobeh [......]
Gold:   446        SH:  0    Dex: 22    Spells: 4/18 levels left

rFire   + . .        q - +2 sling "Dienn" {elec, rCorr Dex+5}
rCold   . . .        (no shield)
rNeg    . . .        u - +3 leather armour {rF+}
rPois   .            (helmet restricted)
rElec   .            b - +0 cloak
rCorr   +            (no gloves)
SInv    +            (boots unavailable)
Will    .....        (no amulet)
Stlth   +            p - ring of see invisible
HPRegen 0.28/turn    (no ring)
MPRegen 0.16/turn

%: no passive effects
@: confused, flying quickly and evasively, hasted, invisible, very quick
A: beak, talons 3, nimble flight
a: Renounce Religion, Draw Escape, Draw Destruction, Draw Summoning


You were on level 7 of the Dungeon.
You worshipped Nemelex Xobeh.
Nemelex Xobeh was noncommittal.
You visited 1 branch of the dungeon, and saw 7 of its levels.
You also visited: Bailey.

You collected 446 gold pieces.

Inventory:

Hand Weapons
 f - a +0 short sword
 j - a +3 dagger of chaos
 q - the +2 sling "Dienn" (weapon) {elec, rCorr Dex+5}
   (You found it on level 3 of the Dungeon)

   Dex:       It affects your dexterity (+5).
   rCorr:     It protects you from acid and corrosion.
Armour
 a - a +1 robe
 b - a +0 cloak (worn)
 u - a +3 leather armour of fire resistance (worn)
Jewellery
 p - a ring of see invisible (left hand)
Wands
 s - a wand of flame (12)
Scrolls
 c - 3 scrolls of teleportation
 d - a scroll of acquirement {unknown}
 e - a scroll of blinking
 k - a scroll of noise {unknown}
 n - 3 scrolls of amnesia
 w - a scroll of identify
Potions
 h - 2 potions of lignification
 l - 3 potions of brilliance
 o - 2 potions of mutation
 r - a potion of might
 t - a potion of berserk rage


   Skills:
 + Level 8.0 Ranged Weapons
 - Level 2.1 Dodging
 - Level 2.0 Stealth
 * Level 4.9 Spellcasting
 - Level 6.0 Conjurations
 + Level 9.1 Summonings
 + Level 11.5 Air Magic
 - Level 2.0 Poison Magic


You had 4 spell levels left.
You knew the following spells:

 Your Spells              Type           Power      Damage    Failure   Level
a - Shock                 Conj/Air       100%       1d9       1%          1
b - Poisonous Vapours     Pois/Air       56%        N/A       1%          2
c - Mephitic Cloud        Conj/Pois/Air  27%        N/A       4%          3
d - Summon Lightning Spi  Summ/Air       41%        N/A       2%          4
e - Airstrike             Air            23%        2d(4-20)  1%          4

Your spell library contained the following spells:

 Spells                   Type           Power      Damage    Failure   Level
 Static Discharge         Conj/Air       72%        2-5/arc   1%          2
 Swiftness                Air            46%        N/A       1%          3
 Beastly Appendage        Tmut           8%         N/A       21%         1
 Scorch                   Fire           8%         2d5       30%         2
 Wereblood                Tmut           4%         N/A       30%         2
 Spider Form              Tmut/Pois      8%         N/A       36%         3
 Flame Wave               Conj/Fire      15%        2d7       50%         4
 Freezing Cloud           Conj/Ice/Air   12%        6-21      43%         5
 Summon Cactus Giant      Summ           18%        N/A       56%         6


Dungeon Overview and Level Annotations

Branches:
Dungeon (7/15)             Temple (0/1) D:7          Bailey (visited)

Altars:
Ashenzari
Nemelex Xobeh
Qazlal
Trog
Wu Jian
Zin

Shops:
D:4 =

Annotations:
D:7 3 runed translucent doors, lonewolfV2's ghost, novice VSFi


Innate Abilities, Weirdness & Mutations

You have a beak for a mouth.
You have claws for feet.
Your magical nature lets you fly swiftly and evasively.


Message History

The vampire is healed by the life force!
You see here a +0 club.
Fire: q) +2 sling "Dienn" {elec, rCorr Dex+5}
Press: ? - help, Q - select action, (/) - cycle Shift-Dir - straight line, f/p - vampire
Aim: a vampire (moderately damaged, slightly transparent, 67% to hit)
You shoot a sling bullet. The sling bullet hits the vampire.
Lightning courses through the vampire!
The vampire is severely damaged.
Fire: q) +2 sling "Dienn" {elec, rCorr Dex+5}
Press: ? - help, Q - select action, (/) - cycle Shift-Dir - straight line, f/p - vampire
Aim: a vampire (severely damaged, 67% to hit)
You shoot a sling bullet.
The sling bullet hits the vampire but does no damage.
The vampire is severely damaged.
The vampire closely misses you.
The vampire bites you but does no damage.
You feel yourself speed up.
The vampire points at you and mumbles some strange words.
You resist with some effort.
Fire: q) +2 sling "Dienn" {elec, rCorr Dex+5}
Press: ? - help, Q - select action, (/) - cycle Shift-Dir - straight line, f/p - vampire
Aim: a vampire (severely damaged, 67% to hit)
You shoot a sling bullet.
The sling bullet barely misses the vampire.
The vampire gestures at you while chanting.
You are confused.
Okay, then.
The vampire hits you! The vampire closely misses you.
The vampire gestures at you while chanting.
You are more confused.
The vampire hits you.
* * * LOW HITPOINT WARNING * * *
The vampire misses you. The vampire draws life force from you.
* * * LOW HITPOINT WARNING * * *
The vampire is healed by the life force!
You fade into invisibility!
The vampire draws life force from you!
You die...
Your body disappears without a glow.

### ##### #.# ...#
###.# #..##
##...## ...##
..####.## #...##
#.# #..##
#....###..# #...>
#V@....#.# #....
#........# #..##
.##........# #...#
...........##
#..## ##.........#
#..## ##.......##
#..#. ##......##
#..). ##......##
##)...
##....).#####.....


You could see a vampire.

Vanquished Creatures
  A deep elf pyromancer (D:7)
  Eustachio (D:5)
  A vampire mosquito (D:7)
  3 water moccasins
  2 ice beasts
  An orc warrior (D:7)
  A sky beast (D:7)
  4 black bears
  2 ogres
  A centaur (D:7)
  2 phantoms
  2 kobold brigands (Bailey)
  4 bullfrogs
  2 gnoll sergeants (D:7)
  3 wights (D:7)
  A howler monkey (D:7)
  6 electric eels (D:6)
  6 hounds
  6 jellies
  4 orc priests
  6 iguanas
  2 sleepcaps
  Ijyb (D:4)
  5 orc wizards
  4 gnolls (D:7)
  2 adders (D:2)
  2 shadow imps
  An ufetubus (D:4)
  A worm (D:2)
  4 dart slugs
  16 orcs
  6 ball pythons
  3 endoplasms
  2 giant cockroaches
  10 goblins
  7 hobgoblins
  4 quokkas
  4 bats
  A frilled lizard (D:2)
  6 kobolds
  4 rats
144 creatures vanquished.

Vanquished Creatures (collateral kills)
  A komodo dragon (D:7)
  A wraith (D:7)
  A wyvern (D:7)
  A steam dragon (D:7)
  An acid dragon (D:7)
  An orc priest (D:6)
  A shadow imp (D:6)
  2 orcs
  4 kobolds (Bailey)
13 creatures vanquished.

Vanquished Creatures (others)
  A sky beast (D:7)
1 creature vanquished.

Grand Total: 158 creatures vanquished

Notes
Turn   | Place    | Note
-------+----------+-------------------------------------------
     0 | D:1      | Norrock the Tengu Air Elementalist began the quest for the
                  | Orb.
     0 | D:1      | Reached XP level 1. HP: 10/10 MP: 4/4
   328 | D:1      | Reached XP level 2. HP: 15/15 MP: 4/6
  1163 | D:2      | Learned a level 2 spell: Poisonous Vapours
  1214 | D:2      | Reached XP level 3. HP: 16/19 MP: 2/7
  1275 | D:2      | Learned a level 3 spell: Mephitic Cloud
  1809 | D:2      | Reached XP level 4. HP: 19/24 MP: 9/9
  2230 | D:3      | Found an ornate altar of the Wu Jian Council.
  2787 | D:3      | Identified the +2 sling "Dienn" {elec, rCorr Dex+5}
  2889 | D:3      | Noticed a bullfrog
  2902 | D:3      | Killed a bullfrog
  2903 | D:3      | Reached skill level 5 in Air Magic
  2903 | D:3      | Reached skill level 1 in Poison Magic
  2903 | D:3      | Gained mutation: Your magical nature lets you fly swiftly
                  | and evasively. [Tengu growth]
  2903 | D:3      | Reached XP level 5. HP: 20/28 MP: 6/10
  3025 | D:4      | Noticed a phantom
  3074 | D:4      | Noticed Ijyb
  3249 | D:4      | Noticed an ogre
  3266 | D:4      | Killed a phantom
  3267 | D:4      | Reached XP level 6. HP: 26/32 MP: 4/11
  3272 | D:4      | Learned a level 4 spell: Summon Lightning Spire
  3298 | D:4      | Reached skill level 6 in Air Magic
  3437 | D:4      | Reached skill level 1 in Summonings
  3481 | D:4      | Reached skill level 5 in Conjurations
  3655 | D:4      | Killed Ijyb
  3746 | D:4      | Reached XP level 7. HP: 36/36 MP: 9/12
  3775 | D:4      | Found Ifebakhla's Jewellery Boutique.
  3788 | D:4      | Reached skill level 1 in Ranged Weapons
  3812 | D:4      | Found a stormy altar of Qazlal.
  3986 | D:5      | Entered Level 5 of the Dungeon
  4116 | D:5      | Reached skill level 7 in Air Magic
  4423 | D:5      | Noticed Eustachio
  4452 | D:5      | Killed Eustachio
  4453 | D:5      | Reached XP level 8. HP: 22/41 MP: 13/13
  4542 | D:5      | Found a glowing silver altar of Zin.
  4883 | D:6      | Found a broken altar of Ashenzari.
  4889 | D:6      | Reached skill level 8 in Air Magic
  4965 | D:6      | Reached skill level 5 in Summonings
  5586 | D:6      | Reached skill level 5 in Ranged Weapons
  5622 | D:6      | Reached skill level 9 in Air Magic
  5639 | D:6      | Reached XP level 9. HP: 44/45 MP: 8/14
  6157 | D:6      | Learned a level 4 spell: Airstrike
  6445 | D:7      | Found a flagged portal.
  6488 | Bailey   | Entered a bailey
  6784 | D:7      | Reached skill level 10 in Air Magic
  7061 | D:7      | Found a runed translucent gate.
  7061 | D:7      | Found a runed translucent gate.
  7062 | D:7      | Found a runed translucent gate.
  7062 | D:7      | Noticed lonewolfV2's ghost (novice VSFi)
  7250 | D:7      | Found a sparkling altar of Nemelex Xobeh.
  7256 | D:7      | Became a worshipper of Nemelex Xobeh the Trickster
  7372 | D:7      | Reached XP level 10. HP: 48/50 MP: 6/15
  7407 | D:7      | Reached skill level 11 in Air Magic
  7881 | D:7      | Found a bloodstained altar of Trog.
  7994 | D:7      | Found a staircase to the Ecumenical Temple.
  8378 | D:7      | Noticed a deep elf pyromancer
  8384 | D:7      | Killed a deep elf pyromancer
  8426 | D:7      | Killed from afar by a vampire

Illustrated notes

Levels and vault maps discovered:
D:1:      kennysheep_arrival_forest, layout_basic, minmay_misc_feat_alley
D:2:      kennysheep_big_flooded_room, layout_loops_ring, kennysheep_path_1
D:3:      layout_loops_ring, mainiacjoe_overflow_surrounded_room
D:4:      layout_rooms, nicolae_qazlal_scattered_showers, serial_shops, shop,
          grunt_tough_drop, uniq_ijyb
D:5:      layout_loops_cross, overflow_temple_1_default, minmay_misc_feat_doors,
          uniq_eustachio
D:6:      layout_cave_pools, mainiacjoe_overflow_24_doors,
          kennysheep_cross_room, chequers_big_river
D:7:      minmay_the_grid_octo_tiled_octocenter [minmay_the_grid_octo_horde,
          minmay_the_grid_octo_vomiting_pacman, minmay_the_grid_octo_fan_narrow,
          minmay_the_grid_octo_checkered, minmay_the_grid_octo_prize_big_c,
          minmay_the_grid_square_5x5_broken_cross,
          minmay_the_grid_square_5x5_minivault,
          minmay_the_grid_square_5x5_longway,
          minmay_the_grid_square_5x5_two_small], layout_layer_cave,
          trog_ov_bears_minmay, nemelex_spade_bored_becter,
          minmay_temple_entry_antechambers, gammafunk_ghost_necromancy,
          enter_bailey_5, grunt_decor_mini_mirrors

Skill      XL: |  1  2  3  4  5  6  7  8  9 10 |
---------------+-------------------------------+-----
Conjurations   | 2 3 4 5 6 |  6.0
Spellcasting   | 3 4 |  4.9
Air Magic      | 5 6 7 9 10 11 | 11.5
Poison Magic   | 1 2 |  2.0
Summonings     | 2 4 6 8 9 |  9.1
Ranged Weapons | 3 5 7 8 |  8.0
Dodging        | |  2.1
Stealth        | |  2.0

Action                     |  1- 3 |  4- 6 |  7- 9 | 10-12 || total
---------------------------+-------+-------+-------+-------++-------
  Melee: Short sword       |    12 |       |       |       ||    12
         Kick              |     9 |     2 |       |       ||    11
         Peck              |     2 |       |       |       ||     2
         Dagger            |    15 |     6 |       |       ||    21
   Fire: Sling             |       |    49 |   182 |    66 ||   297
   Cast: Shock             |    36 |    15 |    15 |     1 ||    67
         Poisonous Vapours |     7 |    19 |    22 |     8 ||    56
         Mephitic Cloud    |       |     4 |    14 |     1 ||    19
         Summon Lightning  |       |       |     5 |     5 ||    10
         Airstrike         |       |       |     7 |    11 ||    18
    Use: Scroll            |       |     9 |    10 |     3 ||    22
         Potion            |       |       |     3 |     3 ||     6
   Stab: Sleeping          |     1 |     1 |       |       ||     2
 Armour: Robe              |     9 |     6 |       |       ||    15
         Leather armour    |       |     1 |    24 |    18 ||    43
  Dodge: Dodged            |    14 |    31 |   108 |    39 ||   192
